Map: Orbital Shipyard

Players

LilDicky - Winner!

  • Race: Terran Terran
  • League: Diamond

Azq

  • Race: Protoss Protoss
  • League: Platinum

VOD

http://www.twitch.tv/tumescentpie

Description

Time

  • Played on: Dec. 5, 2015, 11:47 a.m.
  • Length: 8:04
Show
View Real Time Build Order
Export as new Build Order

LilDicky Terran - Winner!

Build Orders: MMM Bio 

Get SALT Encoding   

  12  0:02  SCV  
  13  0:15  SCV  
  13  0:19  Supply Depot  
  14  0:27  SCV  
  15  0:31  Refinery  
  15  0:40  SCV  
  16  0:46  Barracks  
  16  0:52  SCV  
  17  1:05  SCV  
  18  1:17  SCV  
  20  1:33  Marine  
  20  1:34  Supply Depot  
  20  1:35  Orbital Command  
  20  1:39  Factory  
  20  1:54  Marine  
  22  2:01  SCV  
  22  2:05  Barracks  
  22  2:09  Barracks  
  22  2:13  Barracks Reactor  
  22  2:20  SCV  
  23  2:32  SCV  
  24  2:39  Refinery  
  24  2:44  SCV  
  24  2:45  Supply Depot  
  24  2:46  Widow Mine  
  24  2:50  Marine x2  
  29  3:00  Barracks Tech Lab x2  
  29  3:01  SCV  
  30  3:08  Supply Depot  
  30  3:14  Widow Mine  
  30  3:17  Marine x2  
  30  3:18  SCV  
  34  3:32  Combat Shields, Stimpack  
  34  3:34  Marauder x2  
  38  3:39  Supply Depot  
  38  3:55  Marine x3  
  38  3:57  Marauder  
  43  4:09  Hellion  
  45  4:10  SCV  
  46  4:17  Starport  
  46  4:23  Supply Depot  
  44  4:50  SCV  
  43  4:56  Marauder x2, Marine x2  
  43  4:58  Medivac  
  51  5:31  Marine x3  
  51  5:32  Marine  
  55  5:40  Medivac  
  57  5:45  Engineering Bay  
  57  5:49  Command Center, Marine x4  
  61  6:16  Marine  
  61  6:25  Missile Turret  
  61  6:26  Marauder, Medivac  
  61  6:32  Marine x2  
  61  6:34  Marine  
  61  6:42  Command Center  
  61  7:02  Marine  
  61  7:03  Marauder x2  
  61  7:13  Marine  
  61  7:17  Orbital Command  
  61  7:20  SCV, Marine  
  61  7:28  Marine  
  61  7:29  Marine  
  61  7:32  SCV  
  61  7:38  Marine  
  61  7:39  Marine  
  61  7:44  SCV  
Show
View Real Time Build Order
Export as new Build Order

Azq Protoss 

Build Orders: Nexus First, Oracle Opening 

Get SALT Encoding   

  12  0:01  Probe (Chrono Boost)  
  13  0:12  Probe (Chrono Boost)  
  14  0:19  Pylon  
  14  0:22  Probe (Chrono Boost)  
  15  0:37  Probe (Chrono Boost)  
  16  0:47  Probe (Chrono Boost)  
  17  1:00  Nexus  
  17  1:04  Probe (Chrono Boost)  
  18  1:13  Gateway  
  18  1:20  Assimilator  
  18  1:22  Probe (Chrono Boost)  
  19  1:28  Assimilator  
  19  1:40  Pylon  
  19  1:44  Probe (Chrono Boost)  
  20  1:59  Probe (Chrono Boost)  
  21  2:02  Cybernetics Core  
  21  2:06  Gateway  
  21  2:09  Probe (Chrono Boost)  
  21  2:13  Probe (Chrono Boost)  
  23  2:20  Probe (Chrono Boost)  
  24  2:23  Probe (Chrono Boost)  
  25  2:38  Stargate  
  25  2:42  Probe (Chrono Boost)  
  25  2:43  Probe (Chrono Boost)  
  27  2:44  Adept  
  29  2:53  Probe x2 (Chrono Boost)  
  29  2:56  Assimilator  
  31  2:59  Adept  
  31  3:03  Probe (Chrono Boost)  
  34  3:17  Adept  
  34  3:18  Probe (Chrono Boost)  
  34  3:19  Probe (Chrono Boost)  
  38  3:21  Oracle  
  41  3:28  Probe (Chrono Boost)  
  41  3:29  Probe (Chrono Boost)  
  41  3:40  Forge  
  41  3:47  Stalker x2  
  36  4:11  Void Ray  
  36  4:12  Pylon  
  40  4:19  Photon Cannon  
  40  4:22  Probe (Chrono Boost)  
  40  4:23  Probe (Chrono Boost)  
  32  4:43  Photon Cannon  
  32  4:45  Probe (Chrono Boost)  
  32  4:53  Probe (Chrono Boost)  
  30  5:08  Pylon  
  30  5:18  Probe (Chrono Boost)  
  31  5:34  Probe x2 (Chrono Boost)  
  31  5:45  Probe x2 (Chrono Boost)  
Tags
 
Add a new tag
Caveats
  • Supply blocks, unpowered buildings, or Contaminate may cause inaccurate times.
  • Supply counts are checked every 10 seconds.